 Dungeon Crawl Stone Soup version 0.31-a0-845-g9abc20d24f (webtiles) character file.

Game seed: 457018960320695007

14 axlr the Trooper (level 2, -5/26 HPs)
             Began as a Draconian Berserker on Oct 1, 2023.
             Was a Follower of Trog.
             Slain by a gnoll
             ... wielding a +0 halberd
              (12 damage)
             ... on level 2 of the Dungeon.
             The game lasted 00:06:45 (478 turns).

axlr the Trooper (Draconian Berserker)               Turns: 478, Time: 00:06:46

Health: -5/26      AC:  4    Str: 19    XL:     2   Next: 27%
Magic:  2/2        EV: 12    Int:  7    God:    Trog [*.....]
Gold:   17         SH:  0    Dex: 10    Spells: 1/1 levels left

rFire   . . .        j - +2 hand axe (heavy)
rCold   . . .        (no shield)
rNeg    . . .        (body armour unavailable)
rPois   .            (helmet restricted)
rElec   .            (no cloak)
rCorr   .            (no gloves)
SInv    .            (no boots)
Will    .....        (no amulet)
Stlth   +            (no ring)
HPRegen 0.24/turn    (no ring)
MPRegen 0.08/turn

%: no passive effects
@: no status effects
A: AC +4, unfitting armour, cold-blooded
a: Renounce Religion, Berserk


You were on level 2 of the Dungeon.
You worshipped Trog.
Trog was aware of your devotion.
You visited 1 branch of the dungeon, and saw 2 of its levels.

You collected 17 gold pieces.

Inventory:

Hand Weapons
 a - a +0 falchion
 c - a +0 spear
 d - a +0 dagger
 e - a +0 dagger
 h - a +0 dagger
 i - a +0 sling
 j - a +2 heavy hand axe (weapon)
 k - a +0 rapier
 m - a +0 flail
Armour
 g - a +0 ring mail
 l - a +0 scale mail
Scrolls
 f - a scroll of noise {unknown}
Potions
 b - a potion of curing {unknown}
 n - a potion of invisibility {unknown}


   Skills:
 + Level 3.6 Fighting
 + Level 3.2 Long Blades
 + Level 2.9 Dodging


You had one spell level left.
You didn't know any spells.
Your spell library was empty.

Dungeon Overview and Level Annotations

Branches:
Dungeon (2/15)

Altars:


Innate Abilities, Weirdness & Mutations

Your plain brown scales are hard. (AC +4)
You cannot fit into any form of body armour.
You are cold-blooded and may be slowed by cold attacks.


Message History

The kobold throws a stone.
The stone hits you.
Found a scroll labelled MEANUM NEIRULL.
The kobold throws a stone.
The stone closely misses you.
A gnoll comes into view. It is wielding a +0 spear.
The gnoll shouts!
You hear a shout!
A gnoll comes into view. It is wielding a +0 whip.
The kobold throws a stone.
The stone hits you but does no damage.
The gnoll shouts!
A gnoll comes into view. It is wielding a +0 halberd.
The gnoll shouts!
The kobold throws a stone.
The stone barely misses you.
The gnoll hits you from afar with a +0 spear.
The kobold hits you with a +0 dagger.
You closely miss the kobold.
You tail-slap the kobold, but do no damage.
The gnoll hits you from afar with a +0 spear.
The kobold barely misses you. The kobold completely misses you.
The gnoll barely misses you.
You closely miss the kobold.
The gnoll hits you from afar with a +0 spear.
The kobold closely misses you. The kobold hits you with a +0 dagger.
The gnoll hits you from afar with a +0 spear.
You slash the kobold!
You kill the kobold!
Trog accepts your kill. The gnoll misses you. The gnoll closely misses you.
Things that are here:
a +0 dagger; 5 stones; a kobold corpse The gnoll hits you from afar with a +0 spear.
* * * LOW HITPOINT WARNING * * *
The gnoll misses you.
Things that are here:
a +0 dagger; 5 stones; a kobold corpse The gnoll closely misses you.
The gnoll misses you.
You slash the gnoll!
You kill the gnoll!
Trog accepts your kill. The gnoll barely misses you.
The gnoll hits you from afar with a +0 halberd!
You die...

#.# #.#####.#
####.#####.....#.###
######...................
............#############
..♣♣♣♣♣.###.## ♣..##..#
♣♣.##.<# ♣♣.)...#
♣)@###.# ....gg#)....#
#....##.##### ####. #.# #
#.# #.# #.# ..# ###


You could see 2 gnolls.

Vanquished Creatures
  A gnoll (D:2)
  A bat (D:2)
  An endoplasm (D:1)
  A giant cockroach (D:1)
  4 goblins
  A kobold (D:2)
  A quokka (D:1)
  3 ball pythons (D:1)
13 creatures vanquished.

Notes
Turn   | Place    | Note
-------+----------+-------------------------------------------
     0 | D:1      | axlr the Draconian Berserker began the quest for the Orb.
     0 | D:1      | Reached XP level 1. HP: 19/19 MP: 1/1
   154 | D:1      | Reached XP level 2. HP: 22/26 MP: 2/2
   478 | D:2      | Slain by a gnoll

Illustrated notes

Levels and vault maps discovered:
D:1:      spicycebolla_arrival_ecumenical, layout_basic, minmay_misc_feat_tiny
D:2:      layout_basic, nrook_campfire

Action                     || total
---------------------------++-------
  Melee: Falchion          ||    23
         Tailslap          ||     3
         Dagger            ||     8
         Hand axe          ||     5
 Invoke: Berserk           ||     1
 Armour: Skin              ||    39
  Dodge: Dodged            ||    53

Table legend: (Time is in decaauts)
 A = Elapsed time spent in this place.
 B = Non-inter-level travel time spent in this place.
 C = Inter-level travel time spent in this place.
 D = Time resting spent in this place.
 E = Time spent auto-exploring this place.
 F = Levels seen in this place.
 G = Mean time per level.
                   A        B        C        D        E       F      G
               +--------+--------+--------+--------+--------+-----+--------+
         Total |    495 |    491 |      4 |      0 |      0 |   2 |  247.5 |
       Dungeon |    495 |    491 |      4 |      0 |      0 |   2 |  247.5 |
               +--------+--------+--------+--------+--------+-----+--------+

Top non-repeatable levels by time:
     D:1: 289 daAuts
     D:2: 206 daAuts
